Map: Romanticide LE

Players

BlyOnFire (Bly)

  • Race: Zerg Zerg
  • Spawn Location: 11:00

Geralt (Gerald) - Winner!

  • Race: Protoss Protoss
  • League: Grandmaster
  • Spawn Location: 5:00

Event: DreamHack SC2 Masters 2020 Winter

VOD

Have the link to the VOD?

Description

Time

  • Played on: Oct. 27, 2020, 1:42 p.m.
  • Length: 16:40

All games in this series

Show
View Real Time Build Order
Export as new Build Order

BlyOnFire Zerg 

Build Orders: Hatch First, Brood Lord Corruptor, Muta Ling Bane 

Get SALT Encoding   

  12  0:00  Drone  
  13  0:12  Overlord  
  13  0:17  Drone  
  14  0:30  Drone x2  
  16  0:47  Hatchery  
  15  0:51  Drone  
  15  0:55  Drone  
  17  0:57  Drone  
  18  1:09  Extractor  
  17  1:13  Spawning Pool  
  17  1:16  Drone  
  17  1:19  Drone  
  18  1:27  Drone  
  19  1:44  Hatchery  
  19  1:46  Drone  
  19  1:50  Drone  
  20  2:00  Queen, Zergling x2  
  23  2:09  Queen  
  23  2:13  Drone  
  26  2:18  Overlord  
  26  2:31  Metabolic Boost  
  26  2:32  Drone x2  
  28  2:40  Drone x3  
  31  2:46  Queen  
  33  2:54  Zergling x4  
  33  2:55  Drone  
  33  2:57  Drone  
  37  3:07  Queen  
  37  3:08  Overlord  
  39  3:15  Drone x3  
  39  3:18  Overlord  
  42  3:28  Zergling x4  
  42  3:29  Drone  
  42  3:30  Drone x3  
  48  3:45  Spore Crawler  
  48  3:46  Drone x4, Spore Crawler x2  
  49  3:55  Overlord  
  49  3:57  Overlord  
  49  3:58  Overlord  
  49  4:00  Overlord  
  49  4:04  Overlord  
  49  4:09  Overlord  
  48  4:14  Lair  
  48  4:15  Overlord  
  48  4:21  Drone x4  
  52  4:25  Drone x3  
  52  4:26  Drone  
  52  4:29  Drone x2  
  58  4:35  Drone x4  
  62  4:44  Zergling x10  
  66  4:51  Evolution Chamber  
  65  4:54  Extractor, Roach Warren  
  63  5:02  Drone x2  
  63  5:03  Drone x7  
  72  5:08  Drone  
  72  5:10  Overlord  
  72  5:13  Overlord  
  72  5:14  Overlord  
  72  5:18  Overlord  
  72  5:23  Zerg Melee Weapons Level 1  
  72  5:31  Drone x8  
  72  5:34  Extractor  
  72  5:35  Extractor x2  
  78  5:36  Extractor  
  78  5:42  Drone x8  
  84  5:43  Glial Reconstitution  
  84  5:45  Hatchery  
  82  5:52  Evolution Chamber  
  82  5:55  Overlord  
  80  6:01  Drone x3  
  80  6:05  Overlord  
  80  6:07  Overseer  
  80  6:10  Drone x7  
  87  6:15  Spire  
  96  6:25  Roach x5  
  96  6:28  Baneling Nest  
  95  6:37  Hatchery  
  95  6:38  Roach x3  
  100  6:48  Roach x3  
  100  6:49  Overseer  
  106  6:58  Drone, Overlord  
  107  7:06  Zergling x20  
  115  7:11  Ravager x2  
  115  7:12  Spine Crawler, Ravager  
  115  7:13  Spine Crawler  
  116  7:18  Ravager x3  
  116  7:19  Zergling x18  
  125  7:30  Baneling x9  
  125  7:31  Baneling x4  
  125  7:32  Roach x3  
  125  7:33  Overlord  
  125  7:34  Overlord  
  125  7:36  Baneling x3  
  131  7:39  Zergling x10  
  131  7:40  Overlord  
  133  7:46  Overlord  
  133  7:48  Overlord  
  133  7:49  Overlord  
  133  8:04  Hatchery  
  125  8:15  Centrifical Hooks  
  125  8:16  Zerg Melee Weapons Level 2  
  125  8:18  Zergling x26  
  136  8:20  Zerg Flyer Weapons Level 1  
  136  8:23  Hatchery  
  135  8:33  Drone x4  
  135  8:35  Overlord  
  135  8:55  Zergling x22  
  146  8:58  Infestation Pit  
  146  9:01  Baneling x6  
  145  9:04  Hatchery, Ravager x6  
  145  9:05  Zergling x6, Ravager x2  
  151  9:24  Zergling x24  
  147  9:37  Hive  
  145  9:45  Zergling x28  
  158  9:48  Baneling  
  158  9:49  Baneling x12  
  159  9:53  Mutalisk, Hatchery  
  160  10:01  Zergling x6  
  157  10:16  Corruptor x7  
  171  10:37  Zerg Missile Weapons Level 1  
  171  10:41  Drone x5  
  176  10:49  Extractor  
  172  10:52  Zergling x18  
  172  10:53  Extractor  
  172  10:54  Hatchery  
  154  11:19  Zergling x2  
  154  11:20  Zergling x18  
  163  11:32  Baneling x13  
  163  11:37  Greater Spire  
  162  11:40  Zergling x14  
  162  11:45  Adrenal Glands  
  169  11:47  Spine Crawler  
  169  11:48  Spine Crawler  
  169  11:49  Spine Crawler  
  169  11:52  Spine Crawler  
  163  11:56  Drone x2  
  159  12:09  Corruptor x8  
  165  12:26  Baneling x4  
  165  12:29  Viper, Infestor  
  166  12:36  Drone x13  
  177  12:44  Baneling x4  
  177  12:49  Baneling x3  
  177  12:51  Zerg Flyer Armor Level 1  
  176  13:12  Zergling x24  
  177  13:20  Brood Lord  
  190  13:28  Zergling x8  
  172  13:47  Roach x6  
  139  13:52  Brood Lord x7  
  140  13:56  Baneling  
  140  13:57  Baneling x7, Corruptor  
  140  13:58  Corruptor  
  141  14:06  Roach  
  128  14:14  Hatchery  
  128  14:16  Corruptor x2  
  89  14:45  Corruptor x4  
Show
View Real Time Build Order
Export as new Build Order

Geralt Protoss - Winner!

Build Orders: 1 Gate Expand, Oracle Opening, Archon Immortal 

Get SALT Encoding   

  12  0:00  Probe  
  13  0:12  Probe  
  14  0:19  Pylon  
  14  0:24  Probe  
  14  0:27  Assimilator  
  15  0:37  Probe (Chrono Boost)  
  16  0:43  Gateway  
  16  0:47  Probe (Chrono Boost)  
  17  0:52  Probe  
  18  1:04  Probe  
  19  1:16  Probe  
  20  1:24  Nexus  
  20  1:34  Cybernetics Core  
  20  1:37  Probe  
  21  1:42  Assimilator  
  21  1:49  Probe  
  21  1:53  Pylon  
  22  2:01  Probe  
  23  2:12  Stargate  
  23  2:13  Probe  
  23  2:14  Adept (Chrono Boost)  
  26  2:25  Warp Gate, Probe  
  27  2:34  Adept (Chrono Boost)  
  27  2:36  Probe  
  30  2:37  Probe  
  31  2:47  Void Ray (Chrono Boost)  
  31  2:48  Probe  
  31  2:49  Probe  
  37  3:00  Probe  
  37  3:02  Adept  
  40  3:05  Probe  
  40  3:12  Probe  
  42  3:16  Pylon  
  42  3:17  Probe  
  43  3:23  Gateway  
  43  3:24  Probe  
  44  3:33  Probe, Oracle (Chrono Boost)  
  45  3:36  Probe  
  45  3:41  Pylon  
  49  3:44  Pylon  
  49  3:45  Probe  
  50  3:48  Probe  
  51  3:57  Probe  
  51  4:00  Probe  
  53  4:06  Nexus  
  53  4:08  Pylon  
  54  4:10  Probe  
  54  4:13  Probe  
  55  4:17  Robotics Facility  
  55  4:22  Probe  
  56  4:25  Forge, Twilight Council  
  56  4:33  Adept x2  
  60  4:39  Probe x2  
  60  4:42  Assimilator  
  60  4:43  Assimilator  
  62  4:51  Gateway, Probe x2  
  64  4:53  Gateway  
  64  4:56  Protoss Ground Weapons Level 1  
  64  5:03  Probe x2  
  64  5:05  Charge (Chrono Boost), Zealot  
  68  5:15  Probe x2 (Chrono Boost)  
  68  5:17  Zealot  
  68  5:18  Probe (Chrono Boost)  
  73  5:26  Probe (Chrono Boost)  
  73  5:27  Probe (Chrono Boost)  
  73  5:28  Probe (Chrono Boost)  
  76  5:31  Probe x2 (Chrono Boost)  
  76  5:33  Probe (Chrono Boost)  
  76  5:34  Gateway  
  79  5:36  Gateway  
  79  5:41  Probe, Immortal  
  84  5:47  Probe  
  84  5:49  Probe, Templar Archives  
  86  5:53  Probe  
  87  6:01  Probe  
  87  6:03  Probe  
  85  6:04  Zealot  
  85  6:05  Zealot x3, Probe  
  85  6:07  Assimilator x2  
  85  6:08  Pylon  
  90  6:13  Probe  
  90  6:17  Probe  
  92  6:21  Photon Cannon  
  92  6:24  Warp Prism (Chrono Boost)  
  92  6:25  Pylon  
  92  6:26  Pylon  
  92  6:29  Zealot x2  
  92  6:30  Zealot  
  100  6:38  Gateway  
  99  6:41  Gateway  
  99  6:43  Pylon  
  99  6:45  Pylon  
  99  6:46  Pylon x2  
  99  6:51  High Templar x3, Photon Cannon  
  99  6:53  High Templar  
  99  6:54  High Templar x2  
  111  6:57  Archon x2  
  111  6:58  Archon  
  111  7:02  Stargate  
  111  7:11  Immortal  
  115  7:17  Probe  
  114  7:23  Probe  
  114  7:24  Probe  
  114  7:25  Pylon  
  114  7:26  Zealot  
  114  7:27  Zealot  
  120  7:33  Zealot, Probe  
  120  7:34  Protoss Ground Weapons Level 2  
  120  7:36  Phoenix  
  125  7:38  Probe  
  125  7:41  High Templar  
  128  7:50  Immortal  
  132  7:57  Zealot x6  
  144  7:58  Zealot  
  144  8:01  Phoenix  
  142  8:12  Probe x2  
  142  8:14  Phoenix  
  142  8:16  Probe  
  145  8:24  High Templar x2  
  145  8:26  Phoenix  
  151  8:29  Immortal  
  155  8:39  Probe x2  
  155  8:40  Nexus  
  157  8:42  Pylon  
  157  8:43  Photon Cannon  
  157  8:44  Pylon  
  157  8:51  Pylon  
  157  8:53  Photon Cannon  
  157  9:00  Phoenix  
  159  9:09  Immortal  
  163  9:11  Zealot x4  
  163  9:12  Zealot  
  163  9:16  Zealot  
  163  9:17  Zealot  
  177  9:22  Probe  
  177  9:24  Zealot  
  174  9:30  Probe  
  157  9:33  Probe  
  157  9:34  Probe  
  152  9:42  Probe  
  152  9:45  Probe  
  154  9:46  Probe  
  155  9:53  Zealot x5  
  155  9:54  Probe  
  166  10:05  Archon  
  164  10:09  Psionic Storm  
  164  10:10  Immortal  
  168  10:17  Probe  
  159  10:25  Probe x3  
  159  10:26  High Templar x8  
  178  10:39  Fleet Beacon  
  178  10:40  Probe x2  
  178  10:41  Probe x2  
  170  10:52  Observer, Probe  
  170  10:53  Probe  
  167  10:59  Zealot x4  
  167  11:00  Zealot x3  
  167  11:03  Stalker  
  163  11:22  Tempest (Chrono Boost), Probe x2 (Chrono Boost)  
  163  11:23  Probe (Chrono Boost)  
  160  11:29  High Templar  
  160  11:30  Zealot x5  
  160  11:32  Tempest (Chrono Boost), Probe (Chrono Boost)  
  183  11:46  Probe (Chrono Boost)  
  183  11:47  Probe (Chrono Boost)  
  187  11:48  Probe (Chrono Boost)  
  187  11:52  Probe (Chrono Boost)  
  179  11:56  Probe (Chrono Boost)  
  179  11:57  High Templar  
  179  11:58  Tempest  
  179  12:00  Probe x3 (Chrono Boost)  
  179  12:01  Probe (Chrono Boost)  
  190  12:08  Tempest  
  194  12:18  Probe x3  
  182  12:41  Tempest  
  182  12:43  Probe  
  178  12:47  Probe x2  
  178  12:50  Pylon  
  178  12:51  Tempest, Pylon  
  180  12:54  Stalker  
  180  12:55  Zealot x4  
  194  13:04  Zealot  
  179  13:15  Probe (Chrono Boost)  
  179  13:17  Probe (Chrono Boost)  
  170  13:21  Probe (Chrono Boost)  
  170  13:23  Stalker  
  170  13:26  Probe (Chrono Boost)  
  172  13:27  Probe (Chrono Boost)  
  172  13:29  Archon x2  
  172  13:31  Stalker x2, Probe (Chrono Boost)  
  177  13:34  Probe (Chrono Boost)  
  156  13:52  Stalker x4  
  160  14:16  Probe  
  147  14:23  Probe  
  142  14:24  Tempest x2  
  142  14:26  Probe  
  139  14:42  Probe  
  139  14:44  Probe  
  141  14:47  Probe  
  135  14:53  Probe  
Tags
 
Add a new tag
Caveats
  • Supply blocks, unpowered buildings, or Contaminate may cause inaccurate times.
  • Supply counts are checked every 10 seconds.